 Dungeon Crawl Stone Soup version 0.30-a0-920-g7493c07aab (webtiles) character file.

Game seed: 12071292452789560235

3878 bobarctor the Thaumaturge (level 10, -1/63 HPs)
             Began as a Demonspawn Necromancer on Mar 22, 2023.
             Was a Believer of Kikubaaqudgha.
             Slain by a killer bee (7 damage)
             ... on level 7 of the Dungeon.
             The game lasted 00:48:01 (8202 turns).

bobarctor the Thaumaturge (Demonspawn Necromancer)  Turns: 8202, Time: 00:48:01

Health: -1/63      AC:  5    Str: 15    XL:     10   Next: 0%
Magic:  16/23      EV: 14    Int: 20    God:    Kikubaaqudgha [**....]
Gold:   549        SH:  5    Dex: 20    Spells: 3/27 levels left

rFire   + . .      SeeInvis .    C - +5 rapier (flame)
rCold   + . .      Faith    .    (no shield)
rNeg    . . .      Spirit   .    a - +0 robe
rPois   .          Reflect  +    h - +2 hat
rElec   .          Rampage  .    m - scarf {rC+ rF+}
rCorr   .                        g - +0 pair of gloves
Will    .....                    (no boots)
Stlth   +++                      v - amulet of reflection
HPRegen 0.30/turn                F - +6 ring of strength
MPRegen 0.36/turn                x - +6 ring of dexterity

@: lethally poisoned (-1 -> -8)
A: hooves 1, powered by pain 1, magic regeneration, weakness stinger 1
a: Renounce Religion, Unearth Wretches


You were on level 7 of the Dungeon.
You worshipped Kikubaaqudgha.
Kikubaaqudgha was pleased with you.
You visited 2 branches of the dungeon, and saw 9 of its levels.

You collected 549 gold pieces.

Inventory:

Hand Weapons
 e - a +0 dagger
 u - a +1 dagger of draining
 C - a +5 rapier of flaming (weapon)
 J - a +1 whip of pain
 L - a +4 dagger of venom
Missiles
 d - 67 stones
 l - 9 poisoned darts
 E - 6 javelins
 K - 2 throwing nets
Armour
 a - a +0 robe (worn)
 g - a +0 pair of gloves (worn)
 h - a +2 hat (worn)
 m - a scarf of resistance (worn)
 A - a +0 cloak
 Q - +0 swamp dragon scales
Jewellery
 r - a ring of protection from cold
 v - an amulet of reflection (around neck)
 x - a +6 ring of dexterity (right hand)
 F - a +6 ring of strength (left hand)
 N - a ring of wizardry
Wands
 P - a wand of roots (7)
Scrolls
 f - 10 scrolls of identify {unknown}
 i - 4 scrolls of blinking {unknown}
 j - 2 scrolls of brand weapon {unknown}
 k - 3 scrolls of amnesia {unknown}
 n - 2 scrolls of summoning {unknown}
 p - 3 scrolls of teleportation {unknown}
 q - a scroll of noise {unknown}
 s - 2 scrolls of magic mapping {unknown}
 y - a scroll of immolation {unknown}
 z - a scroll of torment {unknown}
 H - 2 scrolls of poison {unknown}
 O - a scroll of acquirement {unknown}
Potions
 b - a potion of magic
 c - 2 potions of brilliance {unknown}
 o - 4 potions of heal wounds {unknown}
 t - 2 potions of curing {unknown}
 w - 2 potions of lignification {unknown}
 B - 2 potions of invisibility {unknown}
 D - 2 potions of might {unknown}
 G - a potion of resistance {unknown}
 I - 2 potions of attraction {unknown}
 M - 2 potions of degeneration {unknown}


   Skills:
 + Level 4.3 Dodging
 + Level 4.0 Stealth
 + Level 2.7 Shields
 * Level 9.0 Spellcasting
 + Level 0.5 Hexes
 * Level 5.3 Summonings
 + Level 8.2 Necromancy
 + Level 0.4 Poison Magic


You had 3 spell levels left.
You knew the following spells:

 Your Spells              Type           Power      Damage    Failure   Level
a - Necrotise             Necr           100%       1d9       1%          1
b - Vampiric Draining     Necr           41%        2d8       1%          3
c - Summon Small Mammal   Summ           100%       N/A       1%          1
d - Animate Dead          Necr           41%        N/A       2%          4
e - Summon Guardian Gole  Hex/Summ       20%        N/A       7%          3
f - Agony                 Necr           41%        N/A       8%          5
g - Cigotuvi's Dreadful   Necr/Pois/Air  40%        N/A       3%          2
h - Spider Form           Tmut/Pois      9%         N/A       22%         3
i - Wereblood             Tmut           9%         N/A       12%         2

Your spell library contained the following spells:

 Spells                   Type           Power      Damage    Failure   Level
 Sublimation of Blood     Necr           41%        N/A       1%          2
 Call Canine Familiar     Summ           30%        N/A       2%          3
 Beastly Appendage        Tmut           18%        N/A       8%          1
 Scorch                   Fire           18%        2d6       12%         2
 Static Discharge         Conj/Air       18%        2-3/arc   12%         2
 Vhi's Electric Charge    Tloc/Air       18%        N/A       22%         3
 Flame Wave               Conj/Fire      9%         2d6       58%         4
 Summon Cactus Giant      Summ           15%        N/A       80%         6
 Arcjolt                  Conj/Air       4%         1d14      91%         5
 Fireball                 Conj/Fire      4%         3d4       91%         5
 Iskenderun's Battlesphe  Conj           9%         2d6       91%         5
 Plasma Beam              Fire/Air       4%         2x1d16    91%         5
 Conjure Ball Lightning   Conj/Air       4%         3x3d6     100%        6
 Orb of Destruction       Conj           4%         9d5       100%        7
 Summon Hydra             Summ           15%        N/A       100%        7


Dungeon Overview and Level Annotations

Branches:
Dungeon (8/15)             Temple (1/1) D:4
   Lair: D:8-11

Altars:
Cheibriados
Dithmenos
Fedhas
Gozag
Hepliaklqana
Kikubaaqudgha
Makhleb
Okawaru
Qazlal
Ru
Sif Muna
Trog
Uskayaw
Vehumet
Wu Jian
Xom
Yredelemnul

Annotations:
D:2 Sigmund, Terence
Temple 2 transporters


Innate Abilities, Weirdness & Mutations

You have large cloven feet.
You sometimes gain a little power by taking damage.
You regenerate magic rapidly.
You have a small tail.


Message History

* * * LOW HITPOINT WARNING * * *
The killer bee closely misses you. You block the killer bee's attack.
Okay, then.
Okay, then.
Casting: Vampiric Draining (safe; 1% risk of failure)
Confirm with . or Enter, or press ? or * to list all spells.
Aiming: Vampiric Draining (safe; 1% risk of failure)
Press: ? - help, Shift-Dir - straight line, f - killer bee
Aim: a killer bee (heavily wounded)
You draw life force from the killer bee!
You kill the killer bee!
Kikubaaqudgha accepts your kill.
You feel life coursing into your body.
* * * LOW HITPOINT WARNING * * *
You feel very sick. The killer bee stings you.
* * * LOW HITPOINT WARNING * * *
The killer bee closely misses you. You block the killer bee's attack.
The killer bee barely misses you. You block the killer bee's attack.
The killer bee stings you.
* * * LOW HITPOINT WARNING * * *
The killer bee barely misses you. x2
You have reached level 10!
Your demonic ancestry asserts itself...
You feel energised by your suffering.
Unknown command.
Casting: Vampiric Draining (safe; 1% risk of failure)
Confirm with . or Enter, or press ? or * to list all spells.
Aiming: Vampiric Draining (safe; 1% risk of failure)
Press: ? - help, Shift-Dir - straight line, f - killer bee
Aim: a killer bee You draw life force from the killer bee!
You feel life coursing into your body.
* * * LOW HITPOINT WARNING * * *
You feel very sick. The killer bee stings you.
* * * LOW HITPOINT WARNING * * *
You block the killer bee's attack. The killer bee stings you!
You die...
Kikubaaqudgha rasps: "You have failed me!
Welcome... death!"

##..# #.## ## #..#
#..## ###. #..#
##..## ##... #..#
##..####..## ##.##
##...##.###
####..#######........
#..........##........
#...yy)....##........
#..†@.[..).##........
#...yy..<..##........
#..........##########
############


You could see 4 killer bees.

Vanquished Creatures
  Maggie (D:7)
  Prince Ribbit (D:6)
  A wyvern (D:6)
  Edmund (D:5)
  A water moccasin (D:7)
  Duvessa (D:4)
  A sky beast (D:6)
  A black bear (D:6)
  3 ogres
  2 phantoms
  4 bullfrogs
  5 scorpions
  3 wights (D:6)
  Dowan (D:4)
  A killer bee (D:7)
  4 howler monkeys
  3 jellies
  5 hounds
  A gnoll bouda (D:6)
  2 iguanas
  4 orc wizards
  Robin (D:3)
  5 adders
  7 gnolls
  2 shadow imps (D:6)
  2 worms
  A dart slug (D:3)
  10 orcs
  11 ball pythons
  7 bats
  7 endoplasms
  2 giant cockroaches
  13 goblins
  8 hobgoblins
  4 jackals (D:2)
  2 quokkas (D:1)
  A frilled lizard (D:1)
  4 kobolds
  5 rats
138 creatures vanquished.

Vanquished Creatures (collateral kills)
  Jessica (D:3)
  An adder (D:2)
  A dart slug (D:2)
3 creatures vanquished.

Vanquished Creatures (others)
  A two-headed ogre (D:6)
  Eustachio (D:4)
2 creatures vanquished.

Grand Total: 143 creatures vanquished

Notes
Turn   | Place    | Note
-------+----------+-------------------------------------------
     0 | D:1      | bobarctor the Demonspawn Necromancer began the quest for
                  | the Orb.
     0 | D:1      | Reached XP level 1. HP: 13/13 MP: 3/3
   473 | D:1      | Discovered your monstrous ancestry.
   473 | D:1      | Gained mutation: You have large cloven feet. [demonic
                  | ancestry]
   473 | D:1      | Reached XP level 2. HP: 19/19 MP: 3/5
  1153 | D:2      | Gained mutation: You regenerate magic rapidly. [demonic
                  | ancestry]
  1153 | D:2      | Reached XP level 3. HP: 24/24 MP: 2/7
  1173 | D:2      | Reached skill level 3 in Spellcasting
  1335 | D:2      | Found a faded altar of an unknown god.
  1403 | D:2      | Noticed Sigmund
  1518 | D:2      | Noticed Terence
  1762 | D:2      | Reached XP level 4. HP: 30/30 MP: 9/9
  1922 | D:3      | Noticed Jessica
  1924 | D:3      | Killed Jessica
  1925 | D:3      | Reached skill level 5 in Necromancy
  2066 | D:3      | Noticed Robin
  2139 | D:3      | Killed Robin
  2140 | D:3      | Reached skill level 4 in Spellcasting
  2179 | D:3      | Found a snail-covered altar of Cheibriados.
  2257 | D:3      | Learned a level 3 spell: Vampiric Draining
  2259 | D:3      | Learned a level 1 spell: Summon Small Mammal
  2319 | D:3      | Reached XP level 5. HP: 35/35 MP: 6/11
  2749 | D:4      | Found a burning altar of Makhleb.
  2749 | D:4      | Noticed a blizzard demon
  2753 | D:4      | Noticed a smoke demon
  2753 | D:4      | Noticed a ynoxinul
  2831 | D:4      | Found an ornate altar of the Wu Jian Council.
  2878 | D:4      | Found a staircase to the Ecumenical Temple.
  2906 | Temple   | Entered the Ecumenical Temple
  2906 | Temple   | Found a transporter.
  2906 | Temple   | Found a transporter.
  2908 | Temple   | Found a transporter.
  2908 | Temple   | Found a transporter.
  2919 | Temple   | Became a worshipper of Kikubaaqudgha
  3245 | D:4      | Noticed a phantom
  3252 | D:4      | Learned a level 4 spell: Animate Dead
  3257 | D:4      | Learned a level 3 spell: Summon Guardian Golem
  3290 | D:4      | Killed a phantom
  3291 | D:4      | Reached XP level 6. HP: 20/41 MP: 11/13
  3453 | D:4      | Reached skill level 1 in Summonings
  3522 | D:4      | Noticed Eustachio
  3534 | D:4      | Killed Eustachio
  3535 | D:4      | Reached skill level 5 in Spellcasting
  3634 | D:4      | Noticed Dowan
  3647 | D:4      | Killed Dowan
  3647 | D:4      | Noticed Duvessa
  3648 | D:4      | Gained mutation: You have a small tail. [demonic ancestry]
  3648 | D:4      | Reached XP level 7. HP: 44/46 MP: 13/15
  3658 | D:4      | Killed Duvessa
  3930 | D:5      | Entered Level 5 of the Dungeon
  3964 | D:5      | Found a shadowy altar of Dithmenos.
  3974 | D:5      | Noticed Edmund
  3990 | D:5      | Killed Edmund
  3991 | D:5      | Reached skill level 1 in Shields
  4112 | D:5      | Reached skill level 6 in Spellcasting
  4174 | D:5      | Reached * piety under Kikubaaqudgha
  4174 | D:5      | Received a gift from Kikubaaqudgha
  4181 | D:5      | Learned a level 5 spell: Agony
  4529 | D:5      | Reached XP level 8. HP: 38/52 MP: 17/17
  4984 | D:6      | Noticed a two-headed ogre
  5009 | D:5      | Learned a level 2 spell: Cigotuvi's Dreadful Rot
  5372 | D:6      | Reached skill level 7 in Spellcasting
  6034 | D:6      | Killed a two-headed ogre
  6035 | D:6      | Reached XP level 9. HP: 50/57 MP: 15/20
  6077 | D:6      | Found a blossoming altar of Fedhas.
  6138 | D:6      | Learned a level 3 spell: Spider Form
  6183 | D:6      | Found a sacrificial altar of Ru.
  6232 | D:6      | Found an opulent altar of Gozag.
  6303 | D:6      | Reached skill level 8 in Spellcasting
  6398 | D:6      | Found an iron altar of Okawaru.
  6404 | D:6      | Found a hide-covered altar of Uskayaw.
  6409 | D:6      | Found a stormy altar of Qazlal.
  6416 | D:6      | Found a shimmering blue altar of Sif Muna.
  6512 | D:6      | Found a radiant altar of Vehumet.
  6517 | D:6      | Found a bloodstained altar of Trog.
  6820 | D:7      | Noticed Prince Ribbit
  7123 | D:6      | Killed Prince Ribbit
  7258 | D:6      | Reached skill level 5 in Summonings
  7628 | D:7      | Learned a level 2 spell: Wereblood
  7884 | D:7      | Noticed Maggie
  7904 | D:7      | Killed Maggie
  7904 | D:7      | Reached ** piety under Kikubaaqudgha
  7905 | D:7      | Reached skill level 9 in Spellcasting
  8202 | D:7      | Gained mutation: You sometimes gain a little power by
                  | taking damage. [demonic ancestry]
  8202 | D:7      | Reached XP level 10. HP: 8/63 MP: 19/23
  8202 | D:7      | Slain by a killer bee

Illustrated notes

Levels and vault maps discovered:
D:1:      lightli_arrival_chessboard, layout_basic
D:2:      layout_basic, hellmonk_ecumenical_altar_leap_of_faith,
          kennysheep_generic_room_6, uniq_sigmund, uniq_terence
D:3:      layout_loops_ring, kennysheep_slug_shrine, uniq_robin, uniq_jessica
D:4:      layout_gridville, nicolae_overflow_hidden_temple,
          makhleb_altar_promises_db, temple_pool_b,
          nicolae_figureground_sparkle, uniq_eustachio, uniq_duvessa
D:5:      layout_loops_corners, nicolae_dithmenos_shadow_blocks, uniq_edmund
D:6:      layout_basic, lemuel_doored_altar, mainiacjoe_overflow_tiny_flanked,
          mainiacjoe_overflow_surrounded_room, minitemple,
          nicolae_overflow_hallway_of_the_gods
D:7:      layout_rooms, uniq_maggie, uniq_prince_ribbit1
D:8:      layout_basic, lair_entry_dummy
Temple:   hellmonk_temple_divided_pantheon

Skill      XL: |  1  2  3  4  5  6  7  8  9 |
---------------+----------------------------+-----
Dodging        | 2 3 4 |  4.3
Spellcasting   | 3 4 5 6 7 9 |  9.0
Necromancy     | 5 6 7 8 |  8.2
Stealth        | 2 3 4 |  4.0
Summonings     | 1 2 4 5 |  5.3
Shields        | 1 2 |  2.7
Hexes          | |  0.5
Poison Magic   | |  0.4

Action                     |  1- 3 |  4- 6 |  7- 9 | 10-12 || total
---------------------------+-------+-------+-------+-------++-------
  Melee: Unarmed           |     2 |       |       |       ||     2
         Dagger            |    60 |   152 |       |       ||   212
         Kick              |    14 |    47 |    64 |       ||   125
         Punch             |     2 |       |     3 |       ||     5
         Rapier            |       |     7 |   167 |       ||   174
         Tailslap          |       |       |    19 |       ||    19
   Cast: Necrotise         |    50 |    18 |    42 |       ||   110
         Summon Small Mamm |       |     1 |       |       ||     1
         Summon Guardian G |       |     1 |     4 |       ||     5
         Vampiric Draining |       |       |    26 |     1 ||    27
         Cigotuvi's Dreadf |       |       |     2 |       ||     2
  Evoke: Wand              |       |       |     1 |       ||     1
   Stab: Distracted        |       |     1 |     2 |       ||     3
         Sleeping          |       |     1 |     5 |       ||     6
 Armour: Robe              |    36 |    40 |    39 |       ||   115
  Dodge: Dodged            |    51 |    77 |   165 |       ||   293
  Block: Other             |       |    18 |    50 |     1 ||    69
         Reflection        |       |       |     3 |       ||     3

Table legend: (Time is in decaauts)
 A = Elapsed time spent in this place.
 B = Non-inter-level travel time spent in this place.
 C = Inter-level travel time spent in this place.
 D = Time resting spent in this place.
 E = Time spent auto-exploring this place.
 F = Levels seen in this place.
 G = Mean time per level.
                   A        B        C        D        E       F      G
               +--------+--------+--------+--------+--------+-----+--------+
         Total |   8245 |   8099 |    146 |   2381 |   3995 |   9 |  916.1 |
       Dungeon |   8212 |   8066 |    146 |   2381 |   3995 |   8 | 1026.5 |
        Temple |     33 |     33 |      0 |      0 |      0 |   1 |   33.0 |
               +--------+--------+--------+--------+--------+-----+--------+

Top non-repeatable levels by time:
     D:6: 2430 daAuts
     D:4: 1204 daAuts
     D:5: 1115 daAuts
     D:2: 948 daAuts
     D:1: 897 daAuts
     D:3: 847 daAuts
     D:7: 763 daAuts
  Temple: 33 daAuts
     D:8: 4 daAuts
